 Dungeon Crawl Stone Soup version 0.27-a0-869-g165b36e3f0 (webtiles) character file.

Game seed: 10195528204422872814

12 robertstho the Sneak (level 2, -3/27 HPs)
             Began as a Minotaur Delver on Apr 2, 2021.
             Was an Initiate of Okawaru.
             Splashed by a jelly's acid (4 damage)
             ... on level 5 of the Dungeon.
             The game lasted 00:00:43 (194 turns).

robertstho the Sneak (Minotaur Delver)               Turns: 194, Time: 00:00:43

Health: -3/27      AC: -4    Str: 16    XL:     2   Next: 20%
Magic:  1/1        EV: 12    Int:  7    God:    Okawaru [......]
Gold:   6          SH:  0    Dex: 11    Spells: 1/1 levels left

rFire    . . .     SeeInvis .   a - +0 hand axe
rCold    . . .     Faith    .   (no shield)
rNeg     . . .     Spirit   .   b - +0 leather armour
rPois    .         Reflect  .   (helmet restricted)
rElec    .         Harm     .   (no cloak)
rCorr    .         Rampage  .   (no gloves)
Will     .....                  (no boots)
Stlth    ++........             (no amulet)
HPRegen  0.09/turn              (no ring)
MPRegen  0.07/turn              (no ring)

@: corroded
A: horns 2, retaliatory headbutt
a: Renounce Religion


You were on level 5 of the Dungeon.
You worshipped Okawaru.
Okawaru was noncommittal.
You visited 1 branch of the dungeon, and saw 1 of its levels.

You collected 6 gold pieces.

Inventory:

Hand Weapons
 a - a +0 hand axe (weapon)
Armour
 b - a +0 leather armour (worn)
Wands
 g - a wand of digging (3)
Scrolls
 c - a scroll of fog
 d - a scroll of magic mapping
 e - a scroll of fear
Potions
 f - a potion of haste


   Skills:
 * Level 4.0 Fighting
 + Level 2.5 Axes
 * Level 1.2 Armour
 + Level 2.3 Dodging
 - Level 4.1 Stealth


You had one spell level left.
You didn't know any spells.
Your spell library was empty.

Dungeon Overview and Level Annotations

Branches:
Dungeon (5/15)
 Temple: D:4-7

Altars:
Okawaru


Innate Abilities, Weirdness & Mutations

You have a pair of horns on your head.
You reflexively headbutt those who attack you in melee.


Message History

The goblin barely misses you. The goblin closely misses you.
The goblin hits you from afar with a +0 spear.
Found 6 gold pieces.
Found 22 arrows.
Found a scroll of fear.
You now have 6 gold pieces.
There are no items here.
A hound skeleton comes into view.
You see here a scroll of fear.
e - a scroll of fear The hound skeleton closely misses you.
You furiously retaliate!
You headbutt the hound skeleton! You hit the hound skeleton.
The hound skeleton is severely damaged.
The hound skeleton misses you. The hound skeleton bites you.
You hit the hound skeleton.
You destroy the hound skeleton!
Okawaru accepts your kill.
Your Fighting skill increases to level 4!
Your Armour skill increases to level 1!
You have reached level 2!
You start resting.
HP restored.
Okay, then.
A jelly comes into view.
You hit the jelly but do no damage.
Your hands burn!
The jelly barely misses you.
You hit the jelly.
Your hands burn!
The jelly is moderately wounded.
The jelly misses you. You furiously retaliate!
You headbutt the jelly. You hit the jelly.
Your hands burn!
The jelly is heavily wounded.
The jelly hits you. The acid corrodes you!
You are splashed with acid.
The jelly hits you. The acid corrodes you!
You are splashed with acid!
* * * LOW HITPOINT WARNING * * *
You barely miss the jelly. You headbutt the jelly.
The jelly is severely wounded.
The jelly closely misses you.
You hit the jelly but do no damage.
Your hands burn!
You die...

#.8.≈≈≈......##
...#...≈g≈.....##
#..#######...###
..... #....# ....
#....##### ...
+....+.... #.#
#.....##
#J#####......#
#@.#.........##
##...#..#..#..#
#..###...###.#
##...#.(#..#..#
#......###...##
#.###.## ##.##
#.##...###...##
#.#..#..#..#..#
#.#.###...###.#


You could see a jelly.

Vanquished Creatures
  A hound skeleton (D:5)
1 creature vanquished.

Notes
Turn   | Place    | Note
-------+----------+-------------------------------------------
     0 | D:5      | robertstho the Minotaur Delver began the quest for the Orb.
     0 | D:5      | Reached XP level 1. HP: 19/19 MP: 0/0
     1 | D:5      | Noticed an ogre
     2 | D:5      | Found an iron altar of Okawaru.
    12 | D:5      | Became a worshipper of Warmaster Okawaru
    37 | D:5      | Reached skill level 1 in Armour
    37 | D:5      | Reached XP level 2. HP: 14/27 MP: 1/1
   192 | D:5      | HP: 1/27 [acid (9)]
   194 | D:5      | Splashed by a jelly's acid

Illustrated notes

Levels and vault maps discovered:
D:5:      layout_basic, kennysheep_okawaru_gauntlet, serial_glass,
          glass_columns_c, glass_columns_b, due_unseen_surprise,
          feat_on_display, minmay_strange_pillars, item_on_display_a

Skill      XL: |  1 |
---------------+----+-----
Fighting       | 4 |  4.0
Armour         | 1 |  1.2
Axes           | |  2.5
Dodging        | |  2.3
Stealth        | |  4.1

Action                   || total
-------------------------++-------
Melee: Hand axe          ||     7
       Headbutt          ||     1
  Use: Scroll            ||     1
Armor: Leather armour    ||     2
Dodge: Dodged            ||    12

Table legend: (Time is in decaauts)
 A = Elapsed time spent in this place.
 B = Non-inter-level travel time spent in this place.
 C = Inter-level travel time spent in this place.
 D = Time resting spent in this place.
 E = Time spent auto-exploring this place.
 F = Levels seen in this place.
 G = Mean time per level.
                   A        B        C        D        E       F      G
               +--------+--------+--------+--------+--------+-----+--------+
         Total |    195 |    195 |      0 |    129 |      1 |   1 |  195.0 |
       Dungeon |    195 |    195 |      0 |    129 |      1 |   1 |  195.0 |
               +--------+--------+--------+--------+--------+-----+--------+

Top non-repeatable levels by time:
     D:5: 195 daAuts
